 Dungeon Crawl Stone Soup version 0.20.1-1-g8b1a95d (webtiles) character file.

8749 Mesmaeker13 the Protected (level 11, -1/63 HPs)
             Began as a Gargoyle Wanderer on Sept 6, 2017.
             Was an Initiate of Hepliaklqana.
             Slain by a troll (8 damage)
             ... on level 10 of the Dungeon.
             The game lasted 00:27:57 (13978 turns).

Mesmaeker13 the Protected (Gargoyle Wanderer)      Turns: 13978, Time: 00:27:58

Health: -1/63      AC: 18    Str: 15    XL:     11   Next: 35%
Magic:  12/12      EV:  8    Int: 19    God:    Hepliaklqana [......]
Gold:   555        SH: 10    Dex: 10    Spells: 12/12 levels left

rFire    . . .     SeeInvis .   J - +3 flail
rCold    . . .     Gourm    .   m - +0 shield
rNeg     + . .     Faith    .   k - +1 scale mail
rPois    ∞         Spirit   .   B - +0 helmet
rElec    +         Reflect  .   (no cloak)
rCorr    .         Harm     .   (no gloves)
MR       .....     Rnd*Tele +   (no boots)
Stlth    ..........             (no amulet)
Regen    0.2/turn               o - ring of teleportation (curse)
MPRegen  0.2/turn               e - +3 ring of intelligence

@: no status effects
A: reduced essence, negative energy resistance 1, electricity resistance,
unbreathing, petrification resistance, rot immunity, AC +7
a: Recall Ancestor, Ancestor Identity, Renounce Religion


You were on level 10 of the Dungeon.
You worshipped Hepliaklqana.
Hepliaklqana was noncommittal.
You were not hungry.

You visited 2 branches of the dungeon, and saw 11 of its levels.
You also visited: Sewer.

You collected 555 gold pieces.

Inventory:

Hand Weapons
 r - a +1 mace of draining
 I - a +1 whip of venom
 J - a +3 flail (weapon)
Missiles
 t - 15 javelins (quivered)
Armour
 k - a +1 scale mail (worn)
 m - a +0 shield (worn)
 B - a +0 helmet (worn)
Jewellery
 e - a +3 ring of intelligence (right hand)
 l - an uncursed ring of flight
 o - a cursed ring of teleportation (left hand)
 q - an uncursed ring of wizardry
 C - an uncursed amulet of faith
Wands
 h - a wand of flame (31/48)
 E - a wand of iceblast (8/15)
Scrolls
 a - a scroll of immolation {unknown}
 d - 2 scrolls of blinking
 i - 3 scrolls of fear
 n - 5 scrolls of amnesia
 y - 3 scrolls of enchant armour
 z - a scroll of recharging
 D - a scroll of magic mapping
 F - 3 scrolls of teleportation
Potions
 b - a potion of haste
 c - 3 potions of curing
 g - a potion of degeneration {unknown}
 s - 3 potions of mutation {unknown}
 u - 3 potions of agility
 v - a potion of ambrosia {unknown}
 w - 3 potions of lignification {unknown}
 G - a potion of might {unknown}
Comestibles
 f - 7 bread rations
 j - 6 royal jellies
 x - 7 meat rations
 A - 9 fruits
 H - a chunk of flesh


   Skills:
 + Level 9.3 Fighting
 + Level 9.6 Maces & Flails
 - Level 10.0 Armour
 - Level 1.0 Dodging
 - Level 1.1 Stealth
 + Level 7.6 Shields
 - Level 1.0 Unarmed Combat
 - Level 1.0 Spellcasting
   Level 1.0 Hexes
   Level 3.6 Earth Magic
 + Level 2.2 Invocations
 - Level 1.0 Evocations


You had 12 spell levels left.
You didn't know any spells.

Dungeon Overview and Level Annotations

Branches:
Dungeon (10/15)            Temple (1/1) D:6            Lair (0/6) D:10
    Orc: D:9-12

Altars:
Ashenzari
Cheibriados
Dithmenos
Elyvilon
Fedhas
Gozag
Hepliaklqana
Kikubaaqudgha
Makhleb
Nemelex Xobeh
Okawaru
Qazlal
Ru
Sif Muna
Trog
Uskayaw
Vehumet
Xom
Yredelemnul
Zin
The Shining One

Shops:
D:4 ?   D:7 }


Innate Abilities, Weirdness & Mutations

You are resistant to torment.
Your stone body is resilient. (AC +7)
You are immune to poison.
You resist negative energy. (rN+)
You are resistant to electric shocks. (rElec)
You can survive without breathing.
You are immune to petrification.
You are immune to rotting.
Your life essence is reduced to manifest your ancestor. (-10% HP)


Message History

You closely miss the troll.
The troll is moderately wounded.
The troll bites you but does no damage. You block the troll's attack.
The troll claws you.
* * * LOW HITPOINT WARNING * * *
You closely miss the troll.
The troll is moderately wounded.
You block the troll's attack. x3
You closely miss the troll.
The troll is moderately wounded.
The troll bites you!
* * * LOW HITPOINT WARNING * * *
The troll claws you but does no damage. You block the troll's attack.
You hit the troll.
The troll is moderately wounded.
You block the troll's attack. x3
You barely miss the troll.
The troll is moderately wounded.
The troll bites you!
You die...

########
#......##
#.#.....#
#.......#
#.......#
#.......#
#.......#######
#........@T...#
##......#####.#
#......# #.#
#.###### #.# #.#
#.# ####### #.#
#.#
.....>###'######
#.#
######.........#
#.#
######.........#
#.#


You could see a troll.

Vanquished Creatures
  2 two-headed ogres
  The ghost of Frank the Covert, a novice OpMo (D:6)
  The ghost of Frank the Sneak, a novice OpMo (D:4)
  2 trolls
  A hornet (D:7)
  3 hippogriffs
  Eustachio (D:4)
  A human (D:8)
  5 yaks
  3 hogs (D:8)
  Duvessa (D:4)
  2 orc warriors
  An ice beast (D:10)
  A black bear (D:7)
  3 phantoms
  2 necrophages
  A sky beast (D:5)
  4 ogres
  A centaur (D:4)
  A crocodile (Sewer)
  6 bullfrogs
  Blork the orc (D:5)
  Dowan (D:4)
  A water moccasin skeleton (D:6)
  4 scorpions
  10 wights
  3 howler monkeys
  4 crimson imps
  2 bullfrog zombies
  5 orc priests
  2 hounds
  Crazy Yiuf (D:2)
  A gnoll shaman (D:8)
  3 bullfrog skeletons
  2 jellies (D:10)
  2 iguanas
  8 orc wizards
  5 worker ants
  A worker ant zombie (D:7)
  Robin (D:4)
  6 gnolls
  11 adders
  A howler monkey skeleton (D:4)
  2 river rats (D:3)
  2 shadow imps
  An ooze (D:2)
  A worm (D:4)
  10 dart slugs
  3 leopard geckos (D:1)
  24 orcs
  4 ball pythons
  2 giant cockroaches
  11 hobgoblins
  19 jackals
  7 quokkas
  A ball python skeleton (D:4)
  5 bats
  6 frilled lizards
  16 goblins
  10 kobolds
  A leopard gecko zombie (D:6)
  14 rats
257 creatures vanquished.

Vanquished Creatures (others)
  16 toadstools (D:10)
16 creatures vanquished.

Grand Total: 273 creatures vanquished

Notes
Turn   | Place    | Note
-------+----------+-------------------------------------------
     0 | D:1      | Mesmaeker13 the Gargoyle Wanderer began the quest for the Orb.
     0 | D:1      | Mesmaeker13 set off with: a potion of heal wounds, a potion of haste, a potion of curing, a +0 robe, a +0 club, a bread ration
     0 | D:1      | Reached XP level 1. HP: 12/12 MP: 2/2
   850 | D:1      | Reached skill level 1 in Armour
   850 | D:1      | Reached XP level 2. HP: 17/17 MP: 3/3
  1617 | D:1      | Reached XP level 3. HP: 21/21 MP: 4/4
  2196 | D:2      | Found a shattered altar of Ashenzari.
  2220 | D:2      | Reached skill level 1 in Maces & Flails
  2440 | D:2      | Reached skill level 2 in Armour
  2598 | D:2      | Reached XP level 4. HP: 25/27 MP: 5/5
  2905 | D:2      | Found a bloodstained altar of Trog.
  2980 | D:2      | Found a runed door.
  2984 | D:2      | Noticed Crazy Yiuf
  2993 | D:2      | Killed Crazy Yiuf
  3288 | D:3      | Reached XP level 5. HP: 32/32 MP: 6/6
  3413 | D:3      | Reached skill level 3 in Armour
  3605 | D:3      | Found a snail-covered altar of Cheibriados.
  3691 | D:3      | Reached XP level 6. HP: 22/38 MP: 7/7
  3930 | D:3      | Found a radiant altar of Vehumet.
  4170 | D:4      | Found Ycout's Magic Scroll Boutique.
  4193 | D:4      | Noticed Frank's ghost (novice OpMo)
  4209 | D:4      | Found a glowing drain.
  4341 | Sewer    | Entered a sewer
  4643 | Sewer    | Reached skill level 4 in Armour
  4714 | D:4      | Noticed Robin
  4728 | D:4      | Killed Robin
  5074 | D:5      | Entered Level 5 of the Dungeon
  5074 | D:5      | Noticed an orc warrior
  5085 | D:4      | Reached XP level 7. HP: 21/44 MP: 8/8
  5414 | D:5      | Reached skill level 5 in Fighting
  5513 | D:5      | Reached skill level 5 in Armour
  5536 | D:4      | Noticed Dowan
  6006 | D:5      | Reached XP level 8. HP: 40/51 MP: 9/9
  6108 | D:5      | Noticed Blork the orc
  6121 | D:5      | Killed Blork the orc
  6606 | D:6      | Found an ancient bone altar of Kikubaaqudgha.
  6628 | D:6      | Noticed Frank's ghost (novice OpMo)
  6634 | D:6      | Found a shadowy altar of Dithmenos.
  6722 | D:6      | Reached skill level 5 in Maces & Flails
  6729 | D:6      | Reached skill level 6 in Armour
  7203 | D:4      | Killed Frank's ghost
  7520 | D:4      | Reached skill level 7 in Armour
  7520 | D:4      | Reached XP level 9. HP: 43/57 MP: 10/10
  7540 | D:4      | Noticed Duvessa
  7571 | D:4      | Killed Duvessa
  7575 | D:4      | Killed Dowan
  7591 | D:4      | Noticed Eustachio
  7620 | D:4      | Killed Eustachio
  8169 | D:6      | Found a staircase to the Ecumenical Temple.
  8175 | Temple   | Entered the Ecumenical Temple
  8317 | D:6      | Found a blossoming altar of Fedhas.
  8317 | D:6      | Found a radiant altar of Vehumet.
  8318 | D:6      | Found a stormy altar of Qazlal.
  8610 | D:7      | Reached skill level 1 in Shields
  8718 | D:7      | Reached skill level 8 in Armour
  8843 | D:7      | Noticed a hornet
  8856 | D:7      | Killed a hornet
  9157 | D:7      | Found Hanomi's Gadget Boutique.
  9313 | D:7      | Reached XP level 10. HP: 64/64 MP: 11/11
  9535 | D:8      | Found a shimmering altar of Xom.
  9603 | D:8      | Noticed a two-headed ogre
  9835 | D:8      | Reached skill level 9 in Armour
 10059 | D:8      | Reached skill level 5 in Shields
 10707 | D:9      | Noticed a two-headed ogre
 10721 | D:9      | Killed a two-headed ogre
 11324 | D:9      | Reached skill level 10 in Armour
 11793 | D:9      | Reached XP level 11. HP: 37/69 MP: 12/12
 12822 | D:6      | Killed Frank's ghost
 13381 | Temple   | Became a worshipper of Hepliaklqana the Forgotten
 13451 | D:10     | Entered Level 10 of the Dungeon
 13544 | D:10     | Found a staircase to the Lair.
 13625 | D:10     | Reached skill level 1 in Invocations
 13896 | D:10     | Noticed a two-headed ogre
 13916 | D:10     | Killed a two-headed ogre
 13978 | D:10     | Slain by a troll

Skill      XL: |  1  2  3  4  5  6  7  8  9 10 11 |
---------------+----------------------------------+-----
Armour         | 1 2 3 4 5 7 8 10 | 10.0
Fighting       | 2 3 4 5 7 8 9 |  9.3
Maces & Flails | 1 2 3 4 6 7 9 |  9.6
Shields        | 3 6 7 |  7.6
Invocations    | 2 |  2.2
Dodging        | |  1.0
Stealth        | |  1.1
Unarmed Combat | |  1.0
Spellcasting   | |  1.0
Hexes          | |  1.0
Earth Magic    | |  3.6
Evocations     | |  1.0

Action                   |  1- 3 |  4- 6 |  7- 9 | 10-12 || total
-------------------------+-------+-------+-------+-------++-------
Melee: Club              |    24 |       |       |       ||    24
       Mace              |   141 |    94 |   434 |   302 ||   971
       Dagger            |    13 |    15 |       |       ||    28
       Punch             |     1 |     1 |     4 |       ||     6
       Quarterstaff      |       |    94 |    19 |       ||   113
       Whip              |       |       |       |    31 ||    31
       Flail             |       |       |       |   150 ||   150
Throw: Javelin           |       |       |    13 |     5 ||    18
Evoke: Wand              |       |     2 |     2 |     3 ||     7
  Use: Scroll            |     1 |     7 |     6 |     3 ||    17
       Potion            |       |     1 |     5 |     2 ||     8
 Stab: Sleeping          |     1 |       |       |       ||     1
       Invisible         |       |       |     1 |     3 ||     4
  Eat: Chunk             |     5 |     9 |    12 |    14 ||    40
       Royal jelly       |       |       |     1 |       ||     1
       Fruit             |       |       |       |     2 ||     2
Armor: Robe              |    55 |       |       |       ||    55
       Scale mail        |    32 |   136 |   305 |   241 ||   714
Dodge: Dodged            |   126 |   119 |   184 |    98 ||   527
Block: Shield            |       |       |    66 |   196 ||   262
